 Dungeon Crawl Stone Soup version 0.19.5 (webtiles) character file.

76 Monsterracer the Skirmisher (level 4, -1/48 HPs)
             Began as an Ogre Arcane Marksman on Aug 17, 2017.
             Slain by an adder (3 damage)
             ... on level 2 of the Dungeon.
             The game lasted 00:05:17 (2708 turns).

Monsterracer the Skirmisher (Ogre Arcane Marksman)  Turns: 2708, Time: 00:05:17

Health: -1/48      AC:  3    Str: 21    XL:     4   Next: 32%
Magic:  5/5        EV: 10    Int: 12    God:
Gold:   109        SH:  0    Dex:  9    Spells: 1 memorised, 4 levels left

rFire  . . .     SeeInvis .     w - +0 whip
rCold  . . .     Gourm    +     a - +0 robe
rNeg   . . .     Faith    .     (no shield)
rPois  .         Spirit   .     (helmet restricted)
rElec  .         Reflect  .     (no cloak)
rCorr  .         Harm     .     (gloves unavailable)
MR     .....                    (boots unavailable)
Stlth  +.........               s - amulet of the gourmand
                                (no ring)
                                (no ring)

@: lethally poisoned (-1 -> -6), very slightly contaminated, hasted, invisible,
very quick
A: unfitting armour, antennae 1, strong 2, tough skin 1
a: no special abilities


You were on level 2 of the Dungeon.
You were very full.

You visited 1 branch of the dungeon, and saw 2 of its levels.

You collected 109 gold pieces.

Inventory:

Hand Weapons
 w - a +0 whip (weapon)
Missiles
 n - 33 stones (quivered)
Armour
 a - a +0 robe (worn)
Jewellery
 s - an amulet of the gourmand (around neck)
Scrolls
 g - a scroll of magic mapping {unknown}
 h - 3 scrolls of teleportation {unknown}
 i - 2 scrolls of identify {unknown}
 j - 3 scrolls of remove curse {unknown}
 m - a scroll of amnesia {unknown}
 u - a scroll of fear {unknown}
Potions
 e - a potion of curing {unknown}
 o - a potion of brilliance {unknown}
 q - a potion of magic {unknown}
 t - a potion of ambrosia {unknown}
 v - a potion of degeneration {unknown}
Books
 b - a book of Debilitation

   Spells                             Type                      Level
   a - Corona                         Hexes                        1
   b - Slow                           Hexes                        2
   c - Gell's Gravitas                Hexes/Translocation          3
   d - Inner Flame                    Hexes/Fire                   3
   e - Cause Fear                     Hexes                        4
   f - Leda's Liquefaction            Hexes/Earth                  4
Comestibles
 f - a bread ration
 r - a slice of pizza
 x - 3 chunks of flesh


   Skills:
 * Level 3.7 Fighting
 * Level 2.3 Maces & Flails
 * Level 2.2 Throwing
 + Level 2.2 Dodging
 - Level 1.2 Spellcasting
 - Level 2.1 Hexes


You had 4 spell levels left.
You knew the following spells:

 Your Spells              Type           Power        Failure   Level  Hunger
a - Corona                Hex            #......      14%         1    ##.....


Dungeon Overview and Level Annotations

Branches:
Dungeon (2/15)

Altars:


Innate Abilities, Weirdness & Mutations

You are too large for most types of armour.
You have tough skin. (AC +1)
You have a pair of small antennae on your head.
Your muscles are very strong. (Str +4)


Message History

Aim: an adder (almost dead)
You throw a large rock.
The large rock completely misses the adder.
* * * LOW HITPOINT WARNING * * *
You feel sick. The adder bites you.
* * * LOW HITPOINT WARNING * * *
The adder barely misses you.
Huge Dmg: -6%(-3hp) hp: 7%(3hp) It was a potion of invisibility.
You fade into invisibility!
* * * LOW HITPOINT WARNING * * *
You feel sick. The adder barely misses you. The adder closely misses you.
You are very lightly contaminated with residual magic.
Huge Dmg: -2%(-1hp) hp: 5%(2hp) It was a potion of mutation.
You feel extremely strange.
You feel stronger. A pair of antennae grows on your head!
You feel stronger.
* * * LOW HITPOINT WARNING * * *
You feel sick. The adder completely misses you.
It was a potion of haste.
You feel yourself speed up. The adder bites you.
You die...

.............######.# #.#
.............# #(.#.######.#
.............#
#..#........###
##############
#..#..........#
#..#.#######.## #..#.# #.#
#######..#.#######.##
.......S.#.#.......<#
###############@##.#.#####.##
#.##............)..# #.#
#............#.##### #.#
#.##.#<####.......# # #.#
#.##.#.####..#.##.##.# #.#
#.##.#............... #.#
#....######...#...########.#
###### #...#............#
#...#............#


You could see an adder.

Vanquished Creatures
  An adder (D:2)
  An ooze (D:2)
  2 worms (D:2)
  A dart slug (D:1)
  A ball python (D:2)
  3 giant cockroaches
  8 goblins
  4 hobgoblins (D:1)
  10 jackals
  9 kobolds
  A quokka (D:2)
  3 bats
  A frilled lizard (D:2)
  5 rats
50 creatures vanquished.

Notes
Turn   | Place    | Note
-------+----------+-------------------------------------------
     0 | D:1      | Monsterracer the Ogre Arcane Marksman began the quest for the Orb.
     0 | D:1      | Reached XP level 1. HP: 19/19 MP: 2/2
   100 | D:1      | HP: 8/19 [jackal (3)]
   108 | D:1      | Reached skill level 2 in Fighting
   111 | D:1      | HP: 5/20 [jackal (1)]
   496 | D:1      | Reached XP level 2. HP: 23/29 MP: 3/3
   693 | D:1      | Reached skill level 1 in Maces & Flails
   710 | D:1      | HP: 13/29 [dart slug (2)]
   800 | D:1      | Reached XP level 3. HP: 26/36 MP: 4/4
   814 | D:1      | HP: 18/36 [goblin (1)]
   871 | D:1      | HP: 11/36 [hobgoblin (5)]
   876 | D:1      | Reached skill level 3 in Fighting
  2146 | D:2      | Reached XP level 4. HP: 43/48 MP: 5/5
  2699 | D:2      | HP: 24/48 [adder (3)]
  2702 | D:2      | HP: 11/48 [adder (1)]
  2705 | D:2      | HP: 5/48 [poisoned by an adder]
  2706 | D:2      | HP: 2/48 [poisoned by an adder]
  2707 | D:2      | Gained mutation: Your muscles are strong. (Str +2) [potion of mutation]
  2707 | D:2      | Gained mutation: You have a pair of small antennae on your head. [potion of mutation]
  2707 | D:2      | Gained mutation: Your muscles are very strong. (Str +4) [potion of mutation]
  2708 | D:2      | Slain by an adder

Skill      XL: |  1  2  3 |
---------------+----------+-----
Fighting       | 2 3 |  3.7
Dodging        | 2 |  2.2
Maces & Flails | 1 2 |  2.3
Throwing       | |  2.2
Spellcasting   | |  1.2
Hexes          | |  2.1

Action                   |  1- 3 |  4- 6 || total
-------------------------+-------+-------++-------
Melee: Unarmed           |    26 |       ||    26
       Club              |   112 |     6 ||   118
       Whip              |       |    36 ||    36
Throw: Stone             |   105 |    46 ||   151
       Large rock        |     7 |     4 ||    11
       Throwing net      |     2 |     1 ||     3
  Use: Potion            |       |     3 ||     3
 Stab: Held in net/web   |     1 |       ||     1
  Eat: Chunk             |     8 |    10 ||    18
Armor: Robe              |    46 |     7 ||    53
Dodge: Dodged            |   110 |    26 ||   136
